 Dungeon Crawl Stone Soup version 0.19.5 (webtiles) character file.

44 miragecloak the Skirmisher (level 3, -2/30 HPs)
             Began as a Formicid Abyssal Knight on Apr 24, 2017.
             Was a Follower of Lugonu.
             Slain by a gnoll
             ... wielding a +0 whip
              (7 damage)
             ... on level 2 of the Dungeon.
             The game lasted 00:01:12 (1181 turns).

miragecloak the Skirmisher (FoAK)                   Turns: 1181, Time: 00:01:14

Health: -2/30      AC:  3    Str: 16    XL:     3   Next: 85%
Magic:  13/13      EV: 11    Int: 11    God:    Lugonu [*.....]
Gold:   82         SH:  0    Dex: 11    Spells: 0 memorised, 2 levels left

rFire  . . .     SeeInvis +     h - +0 spear (freeze)
rCold  . . .     Gourm    .     b - +0 leather armour
rNeg   . . .     Faith    .     (no shield)
rPois  .         Spirit   .     (helmet unavailable)
rElec  .         Reflect  .     (no cloak)
rCorr  .         Harm     .     (no gloves)
MR     .....                    (no boots)
Stlth  +.........               (no amulet)
                                (no ring)
                                g - ring of magical power

@: no status effects
A: permanent stasis, dig shafts and tunnels, four strong arms, antennae 3
a: Dig, Shaft Self, Depart the Abyss, Renounce Religion


You were on level 2 of the Dungeon.
You worshipped Lugonu.
Lugonu was aware of your devotion.
You were not hungry.

You visited 1 branch of the dungeon, and saw 2 of its levels.
You visited the Abyss 1 time.

You collected 82 gold pieces.

Inventory:

Hand Weapons
 a - a +1 mace
 h - a +0 spear of freezing (weapon)
Armour
 b - a +0 leather armour (worn)
Jewellery
 g - a ring of magical power (left hand)
Scrolls
 i - a scroll of immolation {unknown}
 j - a scroll of identify {unknown}
 l - 2 scrolls of teleportation {unknown}
 n - a scroll of remove curse {unknown}
 p - a scroll of enchant weapon {unknown}
Potions
 d - a potion of flight {unknown}
 e - a potion of curing {unknown}
 k - a potion of haste {unknown}
 m - a potion of cure mutation {unknown}
Comestibles
 c - 3 bread rations
 f - a royal jelly
 o - a meat ration


   Skills:
 + Level 4.0 Fighting
 - Level 3.2 Maces & Flails
 - Level 2.1 Armour
 - Level 0.8 Dodging
 - Level 2.1 Invocations


You had 2 spell levels left.
You didn't know any spells.

Dungeon Overview and Level Annotations

Branches:
Dungeon (2/15)

Altars:


Innate Abilities, Weirdness & Mutations

You are under a permanent stasis effect.
You can dig through walls and to a lower floor.
Your four strong arms can wield two-handed weapons with a shield.
You have a pair of large antennae on your head. (SInv)


Message History

The gnoll is heavily wounded.
The gnoll hits you with a whip.
* * * LOW HITPOINT WARNING * * *
You are too injured to fight recklessly!
You are too injured to fight recklessly!
You are too injured to fight recklessly!
You are too injured to fight recklessly!
You are too injured to fight recklessly!
You are too injured to fight recklessly!
You are too injured to fight recklessly!
You are too injured to fight recklessly!
You are too injured to fight recklessly!
You are too injured to fight recklessly!
You hit the gnoll but do no damage.
The gnoll is heavily wounded.
The gnoll closely misses you.
You closely miss the gnoll.
The gnoll is heavily wounded.
The gnoll hits you with a whip!
You die...

############# #...........#
#.#########.### #.# #...# ###
#.# #.#####.# #.###.# #.#.....#
# #.....# ####.#.#####.#
#.##########.##......(..# #.#
#.gg@..####.##.#### #.#
###.####.#.........<##
#######.###...####.#.##..#.....#
..........)..{...............>.#
#####.#.###.#.####.#.###.......#
#..........#.# #.#..........##
#.##.#.#####.####.#######.####
#.##.#.##.................#
#.##.#.##........########.#


You could see 2 gnolls.

Vanquished Creatures
  A gnoll (D:2)
  A worm (D:2)
  A ball python (D:1)
  5 bats
  7 goblins
  4 hobgoblins
  3 kobolds (D:1)
  3 frilled lizards (D:1)
  3 rats
28 creatures vanquished.

Notes
Turn   | Place    | Note
-------+----------+-------------------------------------------
     0 | Abyss:1  | miragecloak the Formicid Abyssal Knight began the quest for the Orb.
     0 | Abyss:1  | Reached XP level 1. HP: 18/18 MP: 2/2
    45 | Abyss:1  | Noticed a large abomination
    46 | D:1      | Escaped the Abyss
    85 | D:1      | Reached * piety under Lugonu
   113 | D:1      | Reached XP level 2. HP: 23/24 MP: 3/3
   466 | D:1      | Reached XP level 3. HP: 29/29 MP: 4/4
  1167 | D:2      | Reached skill level 4 in Fighting
  1181 | D:2      | Slain by a gnoll

Skill      XL: |  1  2  3 |
---------------+----------+-----
Maces & Flails | 3 |  3.2
Fighting       | 4 |  4.0
Armour         | |  2.1
Dodging        | |  0.8
Invocations    | |  2.1

Action                   || total
-------------------------++-------
Melee: Mace              ||    37
       Spear             ||    46
Invok: Depart the Abyss  ||     1
  Eat: Chunk             ||     1
Armor: Leather armour    ||    23
Dodge: Dodged            ||    34
